 Dungeon Crawl Stone Soup version 0.28.0-53-g5a82cb258f (webtiles) character file.

Game seed: 15538067587208286023

55 jiml777 the Digger (level 3, 0/28 HPs)
             Began as a Gargoyle Earth Elementalist on June 11, 2022.
             Slain by Terence
             ... wielding a +0 falchion
              (6 damage)
             ... on level 1 of the Dungeon.
             The game lasted 00:10:00 (1965 turns).

jiml777 the Digger (Gargoyle Earth Elementalist)    Turns: 1965, Time: 00:10:00

Health: 0/28       AC:  6    Str: 11    XL:     3   Next: 93%
Magic:  3/7        EV: 11    Int: 17    God:
Gold:   101        SH:  0    Dex: 10    Spells: 7/8 levels left

rFire   . . .      SeeInvis .   p - +0 short sword
rCold   . . .      Faith    .   (no shield)
rNeg    + . .      Spirit   .   f - +0 leather armour
rPois   ∞          Reflect  .   (no helmet)
rElec   +          Harm     .   (no cloak)
rCorr   .          Rampage  .   (no gloves)
Will    .....                   (no boots)
Stlth   ..........              (no amulet)
HPRegen 0.09/turn               (no ring)
MPRegen 0.10/turn               (no ring)

@: berserking, very quick
A: sickness immunity, AC +3, negative energy resistance 1, electricity
resistance, torment resistance 1, petrification resistance
a: no special abilities


You were on level 1 of the Dungeon.
You visited 1 branch of the dungeon, and saw 3 of its levels.

You collected 101 gold pieces.

Inventory:

Hand Weapons
 n - a +0 hunting sling
 p - a +0 short sword (weapon)
Missiles
 c - 68 stones
 d - a throwing net
 k - 4 datura-tipped darts
Armour
 b - a +0 robe
 f - a +0 leather armour (worn)
Scrolls
 g - a scroll of blinking {unknown}
 h - a scroll of summoning {unknown}
 l - 2 scrolls of fear {unknown}
 q - a scroll of amnesia {unknown}
Potions
 e - a potion of magic
 j - a potion of mutation {unknown}
 m - a potion of heal wounds {unknown}
 o - 2 potions of might {unknown}


   Skills:
 + Level 0.3 Axes
 + Level 1.5 Dodging
 + Level 2.3 Stealth
 + Level 3.0 Spellcasting
 + Level 0.7 Transmutations
 + Level 4.5 Earth Magic


You had 7 spell levels left.
You knew the following spells:

 Your Spells              Type           Power      Damage    Failure   Level
a - Sandblast             Erth           36%        2d10      3%          1

Your spell library contained the following spells:

 Spells                   Type           Power      Damage    Failure   Level
 Passwall                 Tmut/Erth      9%         N/A       12%         2
 Stone Arrow              Conj/Erth      20%        3d8       26%         3
 Petrify                  Tmut/Erth      11%        N/A       61%         4


Dungeon Overview and Level Annotations

Branches:
Dungeon (3/15)

Altars:
Zin

Annotations:
D:1 Terence


Innate Abilities, Weirdness & Mutations

You are immune to sickness and miasma.
Your stone body is resilient. (AC +3)
You are immune to poison.
You resist negative energy. (rN+)
You are resistant to electric shocks. (rElec)
You are resistant to unholy torment.
You are immune to petrification.


Message History

There is a stone staircase leading down here.
Terence says, "Did you write a will?
You should..."
Casting: Sandblast (safe; 3% risk of failure)
Confirm with . or Enter, or press ? or * to list all spells.
Aiming: Sandblast (safe; 3% risk of failure)
Press: ? - help, Shift-Dir - straight line, f - Terence
Aim: Terence, wielding a +0 falchion and wearing a +0 chain mail (lightly wounded, 85% to hit)
The blast of sand hits Terence.
Terence is moderately wounded.
Terence hits you but does no damage.
Casting: Sandblast (safe; 3% risk of failure)
Confirm with . or Enter, or press ? or * to list all spells.
Aiming: Sandblast (safe; 3% risk of failure)
Press: ? - help, Shift-Dir - straight line, f/p - Terence
Aim: Terence, wielding a +0 falchion and wearing a +0 chain mail (moderately wounded, 85% to hit)
The blast of sand hits Terence but does no damage.
Terence is moderately wounded.
Terence hits you with a +0 falchion.
Casting: Sandblast (safe; 3% risk of failure)
Confirm with . or Enter, or press ? or * to list all spells.
Aiming: Sandblast (safe; 3% risk of failure)
Press: ? - help, Shift-Dir - straight line, f/p - Terence
Aim: Terence, wielding a +0 falchion and wearing a +0 chain mail (moderately wounded, 85% to hit)
The blast of sand hits Terence but does no damage.
Terence is moderately wounded.
Terence hits you with a +0 falchion.
Casting: Sandblast (safe; 3% risk of failure)
Confirm with . or Enter, or press ? or * to list all spells.
Aiming: Sandblast (safe; 3% risk of failure)
Press: ? - help, Shift-Dir - straight line, f/p - Terence
Aim: Terence, wielding a +0 falchion and wearing a +0 chain mail (moderately wounded, 85% to hit)
The blast of sand hits Terence.
Terence is heavily wounded.
Terence hits you with a +0 falchion.
* * * LOW HITPOINT WARNING * * *
It was a potion of berserk rage.
A red film seems to cover your vision as you go berserk!
You feel yourself moving faster!
You feel mighty! Terence hits you with a +0 falchion.
You die...

#.......#.### ##...#...##......
#.......#..## ###.....#.......
######..##..## ##...##....#..
########.#.#...# ##....#.....#..
#.....##.####..####...###..####..
#.....##.# #....#..####..## #..
#.....##.## ####...####.### ##..
..........#####.........######.._
......##.......@@...#####..##...♣
..#.##....................##...##
.......#.########....####.#...##
....####.# ##..##..###....####
..#.# #.# #..####........# #.
..#.## #.# ##.## ####..#.## #.
..#..# #.# #..# ##.#.# #.
.###.###.#####.##########...####.
.................................


You could see Terence.

Vanquished Creatures
  An adder (D:3)
  2 worms
  A dart slug (D:2)
  An orc (D:3)
  4 ball pythons
  2 bats (D:1)
  4 endoplasms
  2 giant cockroaches (D:2)
  2 goblins
  2 hobgoblins (D:1)
  2 jackals (D:2)
  4 quokkas
  4 frilled lizards
  2 kobolds
  A rat (D:3)
34 creatures vanquished.

Notes
Turn   | Place    | Note
-------+----------+-------------------------------------------
     0 | D:1      | jiml777 the Gargoyle Earth Elementalist began the quest for
                  | the Orb.
     0 | D:1      | Reached XP level 1. HP: 10/10 MP: 3/3
    66 | D:1      | Found a faded altar of an unknown god.
   149 | D:1      | Reached XP level 2. HP: 15/15 MP: 1/5
   156 | D:1      | Reached skill level 4 in Earth Magic
   876 | D:2      | Found a glowing silver altar of Zin.
   994 | D:2      | Reached XP level 3. HP: 19/19 MP: 2/6
  1879 | D:3      | Noticed Terence
  1965 | D:1      | Slain by Terence

Illustrated notes

Levels and vault maps discovered:
D:1:      dpeg_arrival_arbitrary_b, layout_rooms,
          hellmonk_ecumenical_altar_crossroads
D:2:      layout_basic, basic_altar, minmay_misc_feat_chi
D:3:      layout_rooms, lemuel_tele_altar, uniq_terence

Skill      XL: |  1  2  3 |
---------------+----------+-----
Earth Magic    | 4 |  4.5
Spellcasting   | 3 |  3.0
Axes           | |  0.3
Dodging        | |  1.5
Stealth        | |  2.3
Transmutations | |  0.7

Action                   || total
-------------------------++-------
Melee: Hand axe          ||    18
       Short sword       ||     8
       Punch             ||     1
 Cast: Sandblast         ||    50
  Use: Scroll            ||     2
       Potion            ||     2
Armor: Robe              ||     7
       Leather armour    ||     5
Dodge: Dodged            ||    32
